 Dungeon Crawl Stone Soup version 0.25.0-15-gac7dcb8919 (webtiles) character file.

Game seed: 6515020781906289273

1 Descartes the Scratcher (level 1, 0/9 HPs)
             Began as a Felid Transmuter on June 29, 2020.
             Slain by a kobold
             ... wielding a +0 short sword
              (4 damage)
             ... on level 1 of the Dungeon.
             The game lasted 00:00:48 (114 turns).

Descartes the Scratcher (Felid Transmuter)           Turns: 114, Time: 00:00:49

Health: 0/9        AC:  1    Str:  6    XL:     1   Next: 16%
Magic:  4/4        EV: 18    Int: 14    God:
Gold:   22         SH:  0    Dex: 16    Spells: 3/4 levels left
                                        Lives:  0   Deaths: 0

rFire    . . .     SeeInvis +     - Unarmed
rCold    . . .     Gourm    .   (shield unavailable)
rNeg     . . .     Faith    .   (armour unavailable)
rPois    .         Spirit   .   (helmet unavailable)
rElec    .         Reflect  .   (cloak unavailable)
rCorr    .         Harm     .   (gloves unavailable)
MR       .....                  (boots unavailable)
Stlth    ++........             (no amulet)
HPRegen  0.03/turn              (no ring)
MPRegen  0.09/turn              (no ring)

@: quick
A: very small, no armour, no weapons or thrown items, stealth, claws 1, fangs 3,
see invisible, carnivore, speed 1, shaggy fur 1, slow metabolism 1, sharp paws
a: no special abilities


You were on level 1 of the Dungeon.
You were not hungry.

You visited 1 branch of the dungeon, and saw 1 of its levels.

You collected 22 gold pieces.

Inventory:

Missiles
 a - 12 arrows
 f - 3 stones
Scrolls
 b - a scroll of magic mapping {unknown}
 d - a scroll of immolation {unknown}
Potions
 e - a potion of invisibility {unknown}
Comestibles
 c - a ration


   Skills:
 - Level 1.0 Fighting
 + Level 2.7 Dodging
 * Level 0.5 Stealth
 - Level 3.0 Unarmed Combat
 - Level 2.0 Spellcasting
 - Level 2.1 Transmutations


You had 3 spell levels left.
You knew the following spells:

 Your Spells              Type           Power        Failure   Level  Hunger
a - Beastly Appendage     Tmut           #.....       10%         1    ##.....

Your spell library contained the following spells:

 Spells                   Type           Power        Failure   Level  Hunger
 Sticks to Snakes         Tmut           #.......     14%         2    ###....
 Spider Form              Tmut/Pois      #.........   41%         3    ####...
 Ice Form                 Ice/Tmut       #.......     83%         4    #####..
 Blade Hands              Tmut           #.........   95%         5    ######.


Dungeon Overview and Level Annotations

Branches:
Dungeon (1/15)

Altars:


Innate Abilities, Weirdness & Mutations

You cannot wear armour.
You are incapable of wielding weapons or throwing items.
Your paws allow you to move quietly. (Stealth)
You have sharp claws.
You have razor-sharp teeth.
You have supernaturally acute eyesight. (SInv)
You are carnivorous and can eat meat at any time.
You cover ground quickly.
You are covered in fur. (AC +1)
You have a slow metabolism.
Your sharp claws are effective at attacking unaware monsters.


Message History

The bat is severely wounded.
The bat hits you but does no damage.
You miss the bat.
The bat is severely wounded.
The bat completely misses you. x2
You barely miss the bat. You bite the bat, but do no damage.
The bat is severely wounded.
The bat misses you.
You closely miss the bat.
The bat is severely wounded.
The bat hits you.
You scratch the bat.
You kill the bat!
The kobold throws a stone.
The stone closely misses you. The kobold barely misses you.
You scratch the kobold but do no damage.
The kobold misses you.
You barely miss the kobold.
The kobold hits you with a +0 short sword.
You die...

#.# ##.#.###.##.#
#.# #.#.....##.#
#.# #.########..
#.# #+# ### ###.#
... #...### ....
#. ##...#.## .....
#.
#.......####......
#..
#.#.(.....@K......
....
#.##########.!...[
###.. #.# .b...
##. #.# .... #.
#.# ... ### .. .


You could see a bat and a kobold.

Vanquished Creatures
  A bat (D:1)
  A kobold (D:1)
2 creatures vanquished.

Notes
Turn   | Place    | Note
-------+----------+-------------------------------------------
     0 | D:1      | Descartes the Felid Transmuter began the quest for the Orb.
     0 | D:1      | Reached XP level 1. HP: 9/9 MP: 4/4
   114 | D:1      | Slain by a kobold

Illustrated notes

Levels and vault maps discovered:
D:1:      scummos_arrival_gate, layout_loops_corners, serial_aquarium,
          aquarium_bridge_long_joined [aquarium_subvault_wall,
          aquarium_subvault_balcony, aquarium_subvault_wall,
          aquarium_subvault_wall, aquarium_subvault_bridge,
          aquarium_subvault_bridge], aquarium_window_1, aquarium_window_fake,
          aquarium_window_fake, aquarium_view_2c, kennysheep_flooded_box

Action                   || total
-------------------------++-------
Melee: Unarmed           ||     9
       Bite              ||     1
Armor: Skin              ||     2
Dodge: Dodged            ||     9
